 Dungeon Crawl Stone Soup version 0.28.0-53-g5a82cb258f (webtiles) character file.

Game seed: 6841768376324529323

21 fuccboisucc420 the Sneak (level 3, 0/24 HPs)
             Began as a Human Enchanter on July 19, 2022.
             Slain by a worm (1 damage)
             ... on level 2 of the Dungeon.
             The game lasted 00:05:47 (1837 turns).

fuccboisucc420 the Sneak (Human Enchanter)          Turns: 1837, Time: 00:05:47

Health: 0/24       AC:  7    Str:  8    XL:     3   Next: 2%
Magic:  6/6        EV:  8    Int: 17    God:
Gold:   65         SH:  0    Dex: 13    Spells: 6/6 levels left

rFire   . . .      SeeInvis .   a - +1 dagger
rCold   . . .      Faith    .   (no shield)
rNeg    . . .      Spirit   .   l - +1 scale mail {rPois}
rPois   +          Reflect  .   (no helmet)
rElec   .          Harm     .   (no cloak)
rCorr   .          Rampage  .   (no gloves)
Will    .....                   (no boots)
Stlth   +.........              j - amulet of the acrobat
HPRegen 0.08/turn               g - ring of flight
MPRegen 0.10/turn               (no ring)

@: flying
A: no striking features
a: no special abilities


You were on level 2 of the Dungeon.
You visited 1 branch of the dungeon, and saw 2 of its levels.

You collected 65 gold pieces.

Inventory:

Hand Weapons
 a - a +1 dagger (weapon)
 d - a +0 whip
Armour
 b - a +0 robe
 l - a +1 scale mail of poison resistance (worn)
Jewellery
 g - a ring of flight (left hand)
 j - an amulet of the acrobat (around neck)
Wands
 f - a wand of flame (9)
Scrolls
 n - a scroll of summoning {unknown}
 o - a scroll of fear {unknown}
Potions
 c - a potion of invisibility
 e - 2 potions of haste {unknown}
 i - a potion of degeneration {unknown}
 k - a potion of magic {unknown}
 m - a potion of curing {unknown}


   Skills:
 + Level 0.3 Fighting
 + Level 1.3 Short Blades
 + Level 0.1 Armour
 + Level 2.0 Dodging
 + Level 3.5 Stealth
 + Level 2.0 Spellcasting
 + Level 3.2 Hexes


You had 6 spell levels left.
You didn't know any spells.
Your spell library contained the following spells:

 Spells                   Type           Power      Damage    Failure   Level
 Ensorcelled Hibernation  Hex/Ice        14%        N/A       83%         2
 Confusing Touch          Hex            12%        N/A       85%         3
 Tukima's Dance           Hex            12%        N/A       85%         3
 Dazzling Flash           Conj/Hex       14%        N/A       97%         3
 Summon Forest            Summ/Tloc      0%         N/A       100%        5
 Summon Mana Viper        Hex/Summ       7%         N/A       100%        5
 Summon Cactus Giant      Summ           0%         N/A       100%        6


Dungeon Overview and Level Annotations

Branches:
Dungeon (2/15)

Altars:


Message History

You kill the rat!
You see here a rat corpse.
Found a scroll labelled SORIYCHOER.
A goblin comes into view. It is wielding a +0 club.
The goblin shouts!
Found a scroll labelled QERI OGUFI HACE.
You closely miss the goblin. The goblin hits you but does no damage.
You hit the goblin.
The goblin is moderately wounded.
The goblin hits you but does no damage.
You hit the goblin.
You kill the goblin!
You have reached level 3!
Your experience leads to an increase in your attributes!
Increase (S)trength, (I)ntelligence, or (D)exterity?
You feel clever. x2
n - a scroll labelled SORIYCHOER
o - a scroll labelled QERI OGUFI HACE
As you read the scroll labelled TUXERE VOCWI, it crumbles to dust.
You feel aware of your surroundings.
You sensed 1 shop/portal.
It was a scroll of magic mapping.
A worm comes into view.
You hit the worm.
The worm is lightly wounded.
The worm bites you but does no damage.
You barely miss the worm.
The worm is lightly wounded.
You hit the worm but do no damage.
The worm is lightly wounded.
The worm bites you!
You hit the worm but do no damage.
The worm is lightly wounded.
You hit the worm.
The worm is lightly wounded.
The worm bites you!
* * * LOW HITPOINT WARNING * * *
You hit the worm but do no damage.
The worm is lightly wounded.
The worm bites you.
You die...

##*** *,***** ***,***
.,,,***,** *,,,,,***
#**,**,*,**********
*,,,,,,,* #
*,,,#*#,,,,,,,,,*
*,,,,,*,**
######.#.********,*
*,,,,,,,*, ......#.#*
#####,* *,,,,,,**,
#####.#.#
#...,,***###*******,, #
#.#.#####.#####.....,,*
*,, #
#.#.........@w..#******
*,,
#####.#.#####.####..#
*,, .†...)........#
*,.#**********,,
###...........#
*,,..,,,,,,,,,,,
.........###..#
**,*##**,,,,,,,,
###...##.# #..# *,*
**,,,,,,,
###...#*.#*#..# *,*
******,,
......#*..,...# *,* *,,
###..##*.##*,,* *,* *,,


You could see a worm.

Vanquished Creatures
  A dart slug (D:1)
  A ball python (D:2)
  An endoplasm (D:1)
  2 giant cockroaches
  5 goblins
  A quokka (D:1)
  3 bats
  A frilled lizard (D:1)
  A kobold (D:2)
  A rat (D:2)
17 creatures vanquished.

Notes
Turn   | Place    | Note
-------+----------+-------------------------------------------
     0 | D:1      | fuccboisucc420 the Human Enchanter began the quest for the
                  | Orb.
     0 | D:1      | Reached XP level 1. HP: 13/13 MP: 3/3
   747 | D:1      | You are sucked into a shaft and drop 1 floor!
   774 | D:2      | Reached XP level 2. HP: 18/19 MP: 5/5
  1810 | D:2      | Reached XP level 3. HP: 16/24 MP: 6/6
  1836 | D:2      | HP: 1/24 [worm (8)]
  1837 | D:2      | Slain by a worm

Illustrated notes

Levels and vault maps discovered:
D:1:      dpeg_arrival_more_subterranean_lakeside_camping, layout_basic,
          serial_glass, glass_columns_a, glass_columns_b, glass_columns_c,
          glass_columns_a, kennysheep_small_spiral, minmay_heptomino_w4
D:2:      layout_loops_ring, serial_shops, shop, lemuel_flame_loot_1

Action                   || total
-------------------------++-------
Melee: Dagger            ||    89
       Punch             ||     2
Evoke: Wand              ||     1
  Use: Scroll            ||     2
 Stab: Sleeping          ||     2
Armor: Robe              ||    22
       Scale mail        ||    13
Dodge: Dodged            ||    67
